Map: Magannatha LE

Players

trigger - Winner!

  • Race: Protoss Protoss
  • League: Grandmaster
  • Spawn Location: 5:00

Percival

  • Race: Terran Terran
  • Spawn Location: 11:00

VOD

Have the link to the VOD?

Description

Time

  • Played on: Aug. 17, 2025, 8:13 a.m.
  • Length: 10:01
Show
View Real Time Build Order
Export as new Build Order

trigger Protoss - Winner!

Build Orders: 1 Gate Expand, Phoenix Opening, Zealot Archon 

Get SALT Encoding   

  12  0:00  Probe  
  13  0:12  Probe  
  14  0:17  Pylon  
  14  0:23  Probe  
  15  0:31  Probe  
  16  0:36  Gateway  
  16  0:39  Probe  
  16  0:45  Assimilator  
  17  0:50  Probe  
  18  1:03  Probe  
  19  1:15  Probe  
  20  1:21  Nexus  
  20  1:30  Cybernetics Core  
  20  1:34  Probe  
  20  1:35  Assimilator  
  21  1:42  Probe  
  22  1:52  Pylon, Probe  
  23  1:59  Stalker  
  23  2:07  Warp Gate  
  23  2:10  Probe  
  26  2:19  Shield Battery  
  26  2:23  Probe  
  26  2:26  Phoenix  
  26  2:27  Sentry  
  29  2:33  Probe  
  29  2:35  Probe  
  31  2:39  Twilight Council  
  31  2:45  Probe  
  31  2:47  Probe  
  31  2:49  Stalker  
  33  2:57  Probe  
  36  2:59  Probe  
  36  3:02  Gateway  
  36  3:05  Phoenix  
  37  3:07  Charge  
  37  3:09  Probe  
  37  3:11  Probe  
  39  3:17  Pylon  
  39  3:21  Stalker  
  39  3:22  Probe  
  39  3:23  Probe  
  43  3:34  Probe  
  43  3:38  Gateway  
  44  3:46  Probe  
  44  3:47  Robotics Facility  
  45  3:49  Probe  
  45  3:50  Pylon  
  46  3:56  Pylon  
  46  3:57  Zealot  
  46  4:00  Probe  
  46  4:01  Zealot  
  51  4:06  Probe  
  52  4:13  Assimilator  
  52  4:14  Probe  
  52  4:15  Assimilator  
  53  4:18  Zealot  
  53  4:22  Zealot  
  53  4:23  Probe  
  58  4:29  Probe  
  56  4:34  Zealot  
  56  4:35  Phoenix  
  56  4:36  Probe  
  59  4:41  Probe  
  60  4:48  Probe  
  60  4:49  Stalker  
  62  4:53  Probe  
  62  4:58  Zealot x2  
  62  4:59  Templar Archives  
  67  5:04  Probe  
  67  5:05  Shield Battery  
  68  5:07  Probe  
  68  5:09  Observer  
  70  5:14  Psionic Storm  
  70  5:17  Pylon  
  70  5:21  Nexus  
  70  5:35  Pylon  
  70  5:36  High Templar x2  
  70  5:38  Zealot  
  76  5:43  Immortal  
  76  5:56  Shield Battery  
  80  6:01  Gateway  
  80  6:04  High Templar  
  82  6:06  Pylon  
  82  6:08  Pylon  
  80  6:12  Zealot x2  
  78  6:24  Warp Prism  
  78  6:26  Gateway  
  78  6:27  Pylon  
  78  6:28  Gateway  
  78  6:30  Gateway  
  78  6:33  High Templar  
  78  6:34  High Templar  
  78  6:38  Archon  
  84  6:43  Zealot  
  80  6:55  Zealot  
  80  7:00  Blink  
  80  7:01  Immortal  
  84  7:03  Zealot, Archon  
  84  7:06  Zealot x2  
  84  7:07  Nexus  
  90  7:18  High Templar  
  90  7:19  Probe x2  
  86  7:31  Observer  
  86  7:32  High Templar, Probe  
  86  7:33  Zealot x5  
  93  7:39  Probe  
  94  7:44  Probe  
  94  7:49  Forge  
  95  7:51  High Templar  
  95  7:55  Zealot x2  
  101  8:01  Probe  
  101  8:03  Pylon  
  102  8:08  Probe  
  99  8:20  Immortal  
  99  8:22  Zealot x5, High Templar  
  99  8:26  Pylon  
  111  8:30  Pylon  
  115  8:36  Probe x2  
  117  8:52  Stalker x6  
  117  8:53  Warp Prism  
  129  9:01  High Templar  
  127  9:16  Zealot x5, High Templar  
  131  9:19  Observer  
  109  9:45  Zealot x6  
Show
View Real Time Build Order
Export as new Build Order

Percival Terran 

Build Orders: Cyclone Opening 

Get SALT Encoding   

  12  0:00  SCV  
  13  0:12  SCV  
  14  0:17  Supply Depot  
  14  0:24  SCV  
  15  0:38  SCV  
  15  0:41  Barracks  
  16  0:44  Refinery  
  16  0:51  SCV  
  16  0:52  Refinery  
  17  1:03  SCV  
  18  1:06  Supply Depot  
  18  1:15  SCV  
  19  1:29  Reaper, Orbital Command  
  20  1:42  Factory  
  20  1:55  SCV  
  22  2:03  Barracks Tech Lab  
  22  2:07  SCV  
  22  2:17  Command Center  
  22  2:19  SCV  
  23  2:31  Cyclone, SCV  
  27  2:40  Starport  
  27  2:44  SCV  
  28  2:48  Supply Depot  
  28  2:50  Barracks Reactor  
  28  2:56  SCV  
  29  3:03  Barracks  
  29  3:08  Widow Mine  
  29  3:12  SCV  
  32  3:18  Medivac  
  34  3:24  SCV  
  34  3:27  Marine x2  
  35  3:31  Widow Mine  
  39  3:36  Orbital Command  
  39  3:38  SCV  
  40  3:44  Marine  
  40  3:45  Marine  
  42  3:50  Starport Tech Lab  
  42  3:53  SCV  
  43  4:02  Marine  
  43  4:04  Stimpack, Marine x2  
  43  4:06  SCV  
  43  4:07  SCV  
  43  4:09  Supply Depot  
  48  4:13  Supply Depot  
  48  4:16  Siege Tank  
  51  4:19  SCV x2  
  51  4:21  Marine  
  54  4:30  Marine x2  
  54  4:31  SCV x2  
  58  4:37  Supply Depot  
  56  4:41  Marine, Barracks  
  56  4:43  SCV x2  
  59  4:48  Marine  
  59  4:51  Siege Tank  
  59  4:52  Marine  
  63  4:53  Medivac  
  63  4:55  Supply Depot  
  63  4:56  SCV  
  68  5:03  Refinery  
  68  5:08  SCV  
  68  5:09  Marine x2  
  68  5:10  SCV, Marine  
  72  5:16  Engineering Bay, Supply Depot  
  72  5:19  Refinery  
  72  5:20  SCV  
  73  5:22  SCV  
  73  5:27  Medivac, Siege Tank  
  79  5:31  Marine  
  79  5:32  Marine x3, SCV  
  79  5:35  SCV  
  85  5:40  Supply Depot  
  85  5:41  Supply Depot  
  85  5:44  SCV  
  85  5:48  Terran Infantry Weapons Level 1, Marine  
  87  5:50  Marine  
  87  5:52  SCV  
  87  5:54  Marine x2  
  87  5:56  SCV  
  92  6:02  Siege Tank  
  95  6:06  Marine  
  95  6:08  SCV x2  
  98  6:22  Marine x3  
  98  6:24  Marine  
  102  6:26  Starport Reactor  
  102  6:27  SCV x2  
  104  6:39  Combat Shield  
  104  6:40  Marine x3  
  104  6:42  Marine  
  104  6:46  SCV  
  104  6:47  SCV  
  87  6:57  Marine x2  
  87  6:58  Marine, Siege Tank  
  87  7:00  Marine  
  84  7:06  SCV x2  
  85  7:09  Liberator x2  
  85  7:15  Marine  
  91  7:18  SCV  
  91  7:20  Marine x3, Barracks  
  93  7:22  Barracks  
  93  7:24  SCV  
  78  7:30  SCV  
  78  7:33  Marine, Siege Tank  
  78  7:36  SCV  
  79  7:38  Marine x3  
  79  7:42  SCV  
  80  7:48  Terran Infantry Armor Level 1, SCV  
  80  7:51  Marine  
  81  7:54  SCV  
  81  7:55  Medivac x2  
  81  7:56  Marine x2  
  90  8:04  Barracks Tech Lab  
  89  8:08  SCV  
  89  8:09  Marine, SCV  
  89  8:13  Marine, Factory Reactor  
  89  8:14  Marauder  
  92  8:20  Barracks Reactor  
  92  8:22  Supply Depot x2  
  92  8:25  Concussive Shells, Marauder x2  
  92  8:26  Marine  
  97  8:31  Marine  
  98  8:36  Marauder  
  98  8:37  Viking  
  98  8:38  SCV  
  98  8:39  SCV  
  104  8:44  Marine  
  105  8:49  Marine x2  
  105  8:50  Marauder  
  105  8:52  Widow Mine x2  
  113  8:56  Marine  
  113  8:57  Marine x2  
  113  9:00  Viking  
  118  9:05  Marine  
  118  9:13  Marine  
  118  9:14  Marine, Marauder  
  118  9:15  Marauder  
  118  9:16  Marine  
  118  9:17  Marine  
  110  9:19  Widow Mine x2  
  115  9:24  Marine  
  115  9:29  SCV x2  
  114  9:32  Marauder  
  114  9:33  Marine  
  114  9:35  Marauder  
  114  9:36  Marauder  
  111  9:40  Widow Mine x2  
  111  9:41  Marine x2  
  106  9:47  SCV x2  
Tags
 
Add a new tag
Caveats
  • Supply blocks, unpowered buildings, or Contaminate may cause inaccurate times.
  • Supply counts are checked every 10 seconds.